 Dungeon Crawl Stone Soup version 0.31-a0-1321-g5021b54cb2 (webtiles) character file.

Game seed: 16375697646077748258

387 pokeman the Magician (level 6, -11/34 HPs)
             Began as a Deep Elf Hedge Wizard on Dec 20, 2023.
             Shot with an arrow by a centaur (13 damage)
             ... on level 5 of the Dungeon.
             The game lasted 00:06:47 (5120 turns).

pokeman the Magician (Deep Elf Hedge Wizard)        Turns: 5120, Time: 00:06:48

Health: -11/34     AC:  2    Str:  7    XL:     6   Next: 49%
Magic:  1/18       EV: 13    Int: 25    God:
Gold:   281        SH:  0    Dex: 17    Spells: 11/19 levels left

rFire   . . .        m - +2 dagger "Zimaf" {vamp, Int+4 Dex+3}
rCold   . . .        (no shield)
rNeg    . . .        b - +0 robe
rPois   .            c - +0 hat
rElec   .            (no cloak)
rCorr   .            (no gloves)
SInv    .            (no boots)
Will    .....        (no amulet)
Stlth   ++           (no ring)
HPRegen 0.25/turn    (no ring)
MPRegen 0.16/turn

%: no passive effects
@: no status effects
A: no striking features
a: no special abilities


You were on level 5 of the Dungeon.
You visited 1 branch of the dungeon, and saw 5 of its levels.

You collected 281 gold pieces.

Inventory:

Hand Weapons
 m - the +2 dagger "Zimaf" (weapon) {vamp, Int+4 Dex+3}
   (You found it on level 2 of the Dungeon)

   Int+4:     It affects your intelligence (+4).
   Dex+3:     It affects your dexterity (+3).
Armour
 b - a +0 robe (worn)
 c - a +0 hat (worn)
Wands
 q - a wand of iceblast (7)
Scrolls
 e - 5 scrolls of identify {unknown}
 f - 3 scrolls of amnesia {unknown}
 g - 3 scrolls of noise {unknown}
 h - 5 scrolls of teleportation {unknown}
 i - 2 scrolls of fear {unknown}
 k - 2 scrolls of poison {unknown}
 s - a scroll of immolation {unknown}
 t - a scroll of enchant armour {unknown}
Potions
 a - a potion of resistance {unknown}
 d - a potion of magic
 j - a potion of heal wounds {unknown}
 l - a potion of might {unknown}
 n - 2 potions of enlightenment {unknown}
 o - a potion of degeneration {unknown}
 p - a potion of cancellation {unknown}
 r - a potion of berserk rage {unknown}
 u - a potion of curing {unknown}


   Skills:
 + Level 1.4 Fighting
 - Level 1.0 Armour
 - Level 3.0 Dodging
 - Level 3.0 Stealth
 * Level 7.2 Spellcasting
 + Level 3.3 Conjurations
 - Level 1.1 Summonings
 - Level 1.1 Translocations
 - Level 1.2 Air Magic
 - Level 1.0 Alchemy
 - Level 1.0 Evocations


You had 11 spell levels left.
You knew the following spells:

 Your Spells              Type           Power      Damage    Failure   Level
a - Magic Dart            Conj           100%       1d8       1%          1
b - Mephitic Cloud        Conj/Alch/Air  18%        N/A       9%          3
c - Call Imp              Summ           28%        N/A       6%          2
d - Blink                 Tloc           28%        N/A       6%          2

Your spell library contained the following spells:

 Spells                   Type           Power      Damage    Failure   Level
 Sting                    Conj/Alch      76%        1d7       2%          1
 Apportation              Tloc           28%        N/A       4%          1
 Summon Small Mammal      Summ           56%        N/A       4%          1
 Necrotise                Necr           36%        1d5       7%          1
 Slow                     Hex            36%        N/A       7%          1
 Cigotuvi's Dreadful Rot  Necr/Alch/Air  24%        N/A       8%          2
 Passwall                 Alch/Erth      9%         N/A       8%          2
 Ensorcelled Hibernation  Hex/Ice        18%        N/A       10%         2
 Swiftness                Air            15%        N/A       12%         3
 Call Canine Familiar     Summ           14%        N/A       13%         3
 Volatile Blastmotes      Fire/Tloc      22%        2d11      16%         3
 Sigil of Binding         Hex            9%         N/A       21%         3
 Fulminant Prism          Conj/Alch      9%         3d7       26%         4
 Iskenderun's Mystic Bla  Conj/Tloc      20%        2d6       26%         4
 Dimensional Bullseye     Hex/Tloc       5%         N/A       45%         4
 Chain Lightning          Conj/Air       10%        3d13      100%        9
 Fire Storm               Conj/Fire      8%         8d2       100%        9
 Shatter                  Erth           4%         3d8*      100%        9


Dungeon Overview and Level Annotations

Branches:
Dungeon (5/15)
 Temple: D:4-7

Altars:
Cheibriados
Fedhas
Hepliaklqana
Okawaru
Qazlal
Sif Muna
The Shining One


Message History

You hit the adder.
The adder is lightly wounded.
The centaur completely misses the adder.
The centaur kicks the adder but does no damage.
An adder comes into view.
The adder bites the centaur but does no damage.
The centaur hits the adder.
The centaur kicks the adder.
You strike the helpless adder from behind!
You puncture the adder!
You feel better.
You kill the adder!
Unknown command.
Casting: Mephitic Cloud (dangerous; 9% risk of failure)
Confirm with . or Enter, or press ? or * to list all spells.
Aiming: Magic Dart (safe; 1% risk of failure)
Press: ? - help, Shift-Dir - straight line, f - centaur
Aim: a centaur (heavily wounded, confused, 100% to hit)
The magic dart hits the centaur.
The centaur is severely wounded.
The adder hisses angrily.
The centaur laughs at nothing.
Casting: Magic Dart (safe; 1% risk of failure)
Confirm with . or Enter, or press ? or * to list all spells.
Aiming: Magic Dart (safe; 1% risk of failure)
Press: ? - help, Shift-Dir - straight line, f/p - centaur
Aim: a centaur (severely wounded, confused, 100% to hit)
The magic dart hits the centaur.
The centaur is severely wounded.
The centaur seems less confused.
The centaur wields a +0 shortbow.
The centaur shoots an arrow.
The arrow hits you!
* * * LOW HITPOINT WARNING * * *
Casting: Magic Dart (safe; 1% risk of failure)
Confirm with . or Enter, or press ? or * to list all spells.
Aiming: Mephitic Cloud (dangerous; 9% risk of failure)
Press: ? - help, Shift-Dir - straight line, f/p - centaur
Aim: a centaur, wielding a +0 shortbow (severely wounded, chance to affect: 81%)
The ball explodes into a vile cloud!
The centaur shoots an arrow.
The arrow completely misses you.
Unknown command.
The centaur shoots an arrow.
The arrow hits you!
You die...

..........
.........#
........†#
.....○°..+
....○○...#
....○○☼..#
.........##+######
.........†<.......
.........@........
......S...........
......c...........
..................
..................
..................
.........#####....
........+ ....


You could see a centaur and an adder.

Vanquished Creatures
  A bullfrog (D:4)
  A hound (D:4)
  A jelly (D:4)
  3 orc wizards (D:4)
  6 adders
  2 worms
  5 dart slugs
  12 orcs
  6 endoplasms
  3 giant cockroaches
  7 goblins
  12 hobgoblins
  4 jackals (D:1)
  3 quokkas
  14 ball pythons
  6 bats
  7 frilled lizards
  9 kobolds
  5 rats
107 creatures vanquished.

Notes
Turn   | Place    | Note
-------+----------+-------------------------------------------
     0 | D:1      | pokeman the Deep Elf Hedge Wizard began the quest for the
                  | Orb.
     0 | D:1      | Reached XP level 1. HP: 10/10 MP: 7/7
   147 | D:1      | Reached XP level 2. HP: 2/15 MP: 0/9
   617 | D:1      | Reached skill level 5 in Spellcasting
   729 | D:1      | Reached XP level 3. HP: 20/20 MP: 4/11
   733 | D:1      | Learned a level 3 spell: Mephitic Cloud
   736 | D:1      | Learned a level 2 spell: Call Imp
   739 | D:1      | Learned a level 2 spell: Blink
  1150 | D:1      | Reached skill level 1 in Fighting
  1385 | D:1      | Reached skill level 1 in Armour
  1723 | D:2      | Reached XP level 4. HP: 18/25 MP: 7/13
  1817 | D:2      | Identified the +2 dagger "Zimaf" {vamp, Int+4 Dex+3}
  3355 | D:3      | Found a glowing golden altar of the Shining One.
  3362 | D:3      | Found a stormy altar of Qazlal.
  3362 | D:3      | Found a snail-covered altar of Cheibriados.
  3362 | D:3      | Found a blossoming altar of Fedhas.
  3364 | D:3      | Found a hazy altar of Hepliaklqana.
  3367 | D:3      | Found a shimmering blue altar of Sif Muna.
  3368 | D:3      | Found an iron altar of Okawaru.
  3709 | D:4      | Reached skill level 6 in Spellcasting
  3709 | D:4      | Reached XP level 5. HP: 29/29 MP: 8/15
  4172 | D:4      | Reached skill level 1 in Air Magic
  4286 | D:4      | Reached skill level 1 in Alchemy
  4286 | D:4      | Reached skill level 1 in Evocations
  4392 | D:4      | Reached XP level 6. HP: 23/34 MP: 7/17
  4762 | D:4      | Reached skill level 7 in Spellcasting
  5088 | D:5      | Entered Level 5 of the Dungeon
  5118 | D:5      | HP: 1/34 [centaur/arrow (13)]
  5120 | D:5      | Shot with an arrow by a centaur

Illustrated notes

Levels and vault maps discovered:
D:1:      lightli_arrival_statuegarden, layout_basic, st_stairs_5,
          minmay_lizard_king
D:2:      layout_loops_ring
D:3:      layout_loops_corners, minitemple
D:4:      layout_basic
D:5:      minmay_chambers_of_threes, layout_gridville, lemuel_round_altar,
          uniq_menkaure

Skill      XL: |  1  2  3  4  5  6 |
---------------+-------------------+-----
Spellcasting   | 5 6 7 |  7.2
Fighting       | 1 |  1.4
Armour         | 1 |  1.0
Conjurations   | 2 3 |  3.3
Stealth        | 3 |  3.0
Dodging        | 3 |  3.0
Air Magic      | 1 |  1.2
Alchemy        | 1 |  1.0
Evocations     | 1 |  1.0
Summonings     | |  1.1
Translocations | |  1.1

Action                     |  1- 3 |  4- 6 || total
---------------------------+-------+-------++-------
  Melee: Dagger            |    20 |    28 ||    48
   Cast: Magic Dart        |   102 |   152 ||   254
         Mephitic Cloud    |       |     6 ||     6
   Stab: Confused          |       |     3 ||     3
 Armour: Robe              |    20 |    25 ||    45
  Dodge: Dodged            |    22 |    26 ||    48

Table legend: (Time is in decaauts)
 A = Elapsed time spent in this place.
 B = Non-inter-level travel time spent in this place.
 C = Inter-level travel time spent in this place.
 D = Time resting spent in this place.
 E = Time spent auto-exploring this place.
 F = Levels seen in this place.
 G = Mean time per level.
                   A        B        C        D        E       F      G
               +--------+--------+--------+--------+--------+-----+--------+
         Total |   5118 |   4988 |    130 |     63 |   4395 |   5 | 1023.6 |
       Dungeon |   5118 |   4988 |    130 |     63 |   4395 |   5 | 1023.6 |
               +--------+--------+--------+--------+--------+-----+--------+

Top non-repeatable levels by time:
     D:1: 1565 daAuts
     D:4: 1454 daAuts
     D:3: 1135 daAuts
     D:2: 931 daAuts
     D:5: 31 daAuts
